 Dungeon Crawl Stone Soup version 0.18-b1-18-g7758cf2 (webtiles) character file.

30005 Ijustatesigmund the Grappler (level 13, -1/131 HPs)
             Began as a Troll Hunter on May 2, 2016.
             Was the Champion of Okawaru.
             Slain by a seven-headed hydra (11 damage)
             ... on level 6 of the Lair of Beasts.
             The game lasted 00:42:46 (14765 turns).

Ijustatesigmund the Grappler (Troll Hunter)        Turns: 14765, Time: 00:42:47

Health: -1/131     AC: 10    Str: 23    XL:     13   Next: 18%
Magic:  10/14      EV: 19    Int:  7    God:    Okawaru [******]
Gold:   882        SH:  0    Dex: 14    Spells: 2 memorised, 8 levels left

rFire  . . .     SeeInvis .       - Unarmed
rCold  . . .     Gourm    +     R - +3 robe "Ceazan" {*Contam rN+ MR+}
rNeg   + . .     Faith    .     (no shield)
rPois  .         Spirit   .     (helmet restricted)
rElec  .         Dismiss  .     N - +1 cloak
rCorr  +         Reflect  .     (gloves unavailable)
SustAt .         Harm     .     (boots unavailable)
MR     +....                    (no amulet)
Stlth  ++........               x - ring of resist corrosion
                                h - +4 ring of evasion

@: swift, heroism, repel missiles, heavily drained, very quick, somewhat
resistant to hostile enchantments, unstealthy
A: unfitting armour, claws 3, fast metabolism 3, gourmand, regeneration 2,
shaggy fur 1, tough skin 2
a: Heroism, Finesse, Renounce Religion


You were on level 6 of the Lair of Beasts.
You worshipped Okawaru.
Okawaru was exalted by your worship.
You were not hungry.

You visited 3 branches of the dungeon, and saw 19 of its levels.
You also visited: Sewer.

You collected 882 gold pieces.

Inventory:

Missiles
 d - 2 throwing nets
 v - 7 poisoned tomahawks
 E - 16 large rocks (quivered)
 H - 14 poisoned javelins
Armour
 N - a +1 cloak (worn)
 R - the +3 robe "Ceazan" (worn) {*Contam rN+ MR+}
   (Okawaru gifted it to you on level 11 of the Dungeon)

   It protects you from negative energy.
   It affects your resistance to hostile enchantments.
   It causes magical contamination when unequipped.
Jewellery
 c - a +3 ring of intelligence
 h - a +4 ring of evasion (left claw)
 u - an uncursed ring of stealth
 w - an uncursed ring of magical power
 x - a ring of resist corrosion (right claw)
 y - an uncursed ring of protection from magic
 G - an uncursed ring of fire
Wands
 b - a wand of disintegration (17/24)
 j - a wand of paralysis (10/24)
 C - a wand of flame (14/48)
 F - a wand of lightning (4/15)
 I - a wand of iceblast (6/15)
 J - a wand of paralysis (13/24)
 K - a wand of digging (1/24)
 M - a wand of slowing (18/48)
 P - a wand of lightning (9/15)
Scrolls
 a - 6 scrolls of fog
 l - 8 scrolls of teleportation
 m - 3 scrolls of magic mapping
 n - 2 scrolls of amnesia
 p - 2 scrolls of identify
 r - 3 scrolls of recharging
 t - 2 scrolls of remove curse
 O - 4 scrolls of enchant armour
Potions
 e - 4 potions of lignification
 i - 4 potions of brilliance
 k - a potion of agility
 o - 2 potions of flight
 z - a potion of berserk rage
 A - a potion of might
 D - 2 potions of cancellation
 L - a potion of cure mutation
 Q - a potion of magic
 S - a potion of curing
Books
 q - a book of Changes

   Spells                             Type                      Level
   a - Beastly Appendage              Transmutation                1
   b - Sticks to Snakes               Transmutation                2
   c - Spider Form                    Transmutation/Poison         3
   d - Ice Form                       Ice/Transmutation            4
   e - Blade Hands                    Transmutation                5
 U - a book of Ice

   Spells                             Type                      Level
   a - Ice Form                       Ice/Transmutation            4
   b - Metabolic Englaciation         Hexes/Ice                    5
   c - Ozocubu's Refrigeration        Ice                          6
   d - Bolt of Cold                   Conjuration/Ice              6
   e - Freezing Cloud                 Conjuration/Ice/Air          6
   f - Simulacrum                     Ice/Necromancy               6
Comestibles
 f - 10 bread rations
 g - 14 fruits
 s - 10 meat rations
 B - a beef jerky


   Skills:
 + Level 9.5(12.9) Fighting
 - Level 10.0(13.4) Throwing
 - Level 6.2(9.7) Dodging
 - Level 0.4(4.1) Stealth
 + Level 13.4(16.7) Unarmed Combat
 - Level 2.6(1.4) Charms
 - Level 2.5(1.3) Air Magic
 + Level 3.4(2.2) Invocations


You had 8 spell levels left.
You knew the following spells:

 Your Spells              Type           Power        Failure   Level  Hunger
a - Repel Missiles        Chrm/Air       #.....       47%         2    ###....
b - Swiftness             Chrm/Air       #.......     47%         2    ###....


Dungeon Overview and Level Annotations

Branches:
Dungeon (12/15)            Temple (1/1) D:4            Lair (6/8) D:10
  Swamp (0/4) Lair:5        Snake (0/4) Lair:5          Orc (0/2) D:9
  Slime: Lair:6-8

Altars:
Ashenzari
Cheibriados
Dithmenos
Elyvilon
Fedhas
Gozag
Kikubaaqudgha
Makhleb
Nemelex Xobeh
Okawaru
Pakellas
Qazlal
Ru
Sif Muna
Trog
Vehumet
Xom
Yredelemnul
Zin
The Shining One
Beogh

Shops:
D:11 (

Annotations:
D:6 eragonby's ghost, novice SpEn
Lair:4 Maud; pipel's ghost, journeyman DrBe


Innate Abilities, Weirdness & Mutations

You are too large for most types of armour.
You have claws for hands.
Your metabolism is lightning-fast.
You like to eat raw meat.
You heal very quickly.
You are covered in fur (AC +1).
You have very tough skin (AC +2).


Message History

The seven-headed hydra bites you.
* * * LOW HITPOINT WARNING * * *
The seven-headed hydra barely misses you.
The seven-headed hydra closely misses you. x2
The seven-headed hydra bites you.
* * * LOW HITPOINT WARNING * * *
The seven-headed hydra bites you.
* * * LOW HITPOINT WARNING * * *
The seven-headed hydra bites you.
* * * LOW HITPOINT WARNING * * *
The seven-headed hydra bites you!
* * * LOW HITPOINT WARNING * * *
Read which item? (? for menu, Esc to quit)
Okay, then.
Casting: Repel Missiles
Confirm with . or Enter, or press ? or * to list all spells.
You feel quick.
The seven-headed hydra completely misses you.
The seven-headed hydra bites you!
You die...

............#
............##
..>..........#
..........P###
...........##
............##
....>........#
.............#
......D@.....#
........†..###
..........!..#
.............#
...........#.#
.P#........###
# ##########


You could see a seven-headed hydra.

Vanquished Creatures
  Snorg (Lair:5)
  2 hydras (Lair:2)
  Erica (Lair:2)
  Urug (Lair:2)
  A hill giant (D:11)
  2 ugly things (D:11)
  2 cyclopes (D:11)
  Joseph (D:8)
  Maurice (D:9)
  3 black mambas
  5 spiny frogs
  3 komodo dragons
  4 trolls
  The ghost of GreamJoe the Covered, an amateur MiFi (D:4)
  A two-headed ogre (D:10)
  12 blink frogs
  5 slime creatures (D:12)
  A vampire (D:12)
  Sigmund (D:6)
  A shadow (D:12)
  A wraith (D:10)
  3 basilisks
  18 yaks
  A hungry ghost (D:8)
  6 hippogriffs
  4 nagas (Lair:5)
  7 insubstantial wisps (Lair:5)
  7 water moccasins
  14 porcupines
  7 orc warriors
  5 sky beasts
  A black bear (D:11)
  3 phantoms
  2 necrophages
  3 ice beasts
  2 eyes of draining
  9 wolves
  4 ogres
  6 centaurs
  7 crocodiles
  A big kobold (D:11)
  13 giant frogs
  A gnoll sergeant (D:12)
  3 scorpions
  5 wights (D:9)
  6 howler monkeys
  3 electric eels
  A lava snake (D:10)
  A giant frog zombie (D:12)
  2 centaur zombies
  A quasit (D:5)
  7 orc priests
  2 hounds
  A jelly (D:8)
  8 orc wizards
  2 giant frog skeletons
  Jessica (D:3)
  7 iguanas
  7 hell rats (Lair:5)
  8 sheep (D:10)
  9 worker ants
  A hound zombie (D:5)
  2 hound skeletons
  Robin (D:4)
  4 worker ant zombies
  6 gnolls
  15 adders
  2 howler monkey skeletons
  66 river rats
  5 shadow imps
  3 oozes
  3 adder zombies
  6 worms
  4 dart slugs
  4 giant geckos
  56 orcs
  8 bats
  10 giant cockroaches
  18 goblins
  13 hobgoblins
  6 jackals
  4 quokkas
  13 ball pythons
  9 giant newts
  8 kobolds
  24 rats
  A fungus (Lair:3)
540 creatures vanquished.

Vanquished Creatures (others)
  A howler monkey (D:9)
  A bush (D:10)
  3 fungi
5 creatures vanquished.

Grand Total: 545 creatures vanquished

Notes
Turn   | Place    | Note
--------------------------------------------------------------
     0 | D:1      | Ijustatesigmund the Troll Hunter began the quest for the Orb.
     0 | D:1      | Reached XP level 1. HP: 19/19 MP: 0/0
    55 | D:1      | Reached skill level 1 in Unarmed Combat
   100 | D:1      | Reached XP level 2. HP: 26/28 MP: 1/1
   608 | D:1      | Reached skill level 2 in Unarmed Combat
   760 | D:2      | Reached XP level 3. HP: 35/35 MP: 2/2
  1271 | D:2      | Reached XP level 4. HP: 29/44 MP: 3/3
  1338 | D:2      | Reached skill level 3 in Unarmed Combat
  1614 | D:3      | Found a glowing drain.
  1643 | Sewer    | Entered a sewer
  1729 | Sewer    | Reached XP level 5. HP: 49/50 MP: 4/4
  1806 | Sewer    | Reached skill level 4 in Unarmed Combat
  1901 | Sewer    | Reached XP level 6. HP: 57/61 MP: 5/5
  1912 | Sewer    | Reached skill level 5 in Unarmed Combat
  2080 | D:3      | Noticed Jessica
  2099 | D:3      | Killed Jessica
  2257 | D:3      | Found a faded altar to an unknown god.
  2560 | D:4      | Noticed GreamJoe's ghost (amateur MiFi)
  2589 | D:4      | Killed GreamJoe's ghost
  2589 | D:4      | Reached skill level 6 in Unarmed Combat
  2589 | D:4      | Reached XP level 7. HP: 69/70 MP: 6/6
  3078 | D:4      | Noticed Robin
  3083 | D:4      | Killed Robin
  3083 | D:4      | Reached skill level 7 in Unarmed Combat
  3155 | D:4      | Found a staircase to the Ecumenical Temple.
  3185 | Temple   | Entered the Ecumenical Temple
  3437 | Temple   | Became a worshipper of Warmaster Okawaru
  3610 | D:5      | Entered Level 5 of the Dungeon
  3630 | D:5      | Reached XP level 8. HP: 78/79 MP: 7/7
  3881 | D:5      | Reached skill level 5 in Fighting
  3881 | D:5      | Reached skill level 8 in Unarmed Combat
  4079 | D:5      | Found a stormy altar of Qazlal.
  4608 | D:6      | Noticed eragonby's ghost (novice SpEn)
  4611 | D:6      | Reached * piety under Okawaru
  4719 | D:6      | Noticed Sigmund
  4724 | D:6      | Killed Sigmund
  4724 | D:6      | Reached skill level 9 in Unarmed Combat
  4913 | D:7      | Learned a level 2 spell: Repel Missiles
  4953 | D:7      | Reached XP level 9. HP: 85/89 MP: 8/8
  5046 | D:7      | Reached ** piety under Okawaru
  5046 | D:7      | Reached skill level 1 in Charms
  5565 | D:8      | Reached skill level 1 in Air Magic
  5582 | D:8      | Found a sacrificial altar of Ru.
  5582 | D:8      | Found a sparkling altar of Nemelex Xobeh.
  5583 | D:8      | Found a white marble altar of Elyvilon.
  5664 | D:8      | Reached skill level 10 in Unarmed Combat
  5669 | D:8      | Found an ancient bone altar of Kikubaaqudgha.
  5723 | D:8      | Noticed Joseph
  5737 | D:8      | Killed Joseph
  5858 | D:8      | Found an oddly glowing altar of Pakellas.
  5885 | D:8      | Found a snail-covered altar of Cheibriados.
  6168 | D:8      | Found a burning altar of Makhleb.
  6168 | D:8      | Noticed a balrug
  6171 | D:8      | Noticed an orange demon
  6171 | D:8      | Noticed a smoke demon
  6452 | D:8      | Reached *** piety under Okawaru
  6622 | D:9      | Reached XP level 10. HP: 100/100 MP: 2/9
  6699 | D:9      | Found a roughly hewn altar of Beogh.
  6876 | D:9      | Found a staircase to the Orcish Mines.
  6991 | D:9      | Reached skill level 11 in Unarmed Combat
  7047 | D:9      | Noticed Maurice
  7242 | D:9      | Gained mutation: Scrolls take you a little longer to read. [mutagenic meat]
  7243 | D:9      | Gained mutation: You have large cloven feet. [mutagenic meat]
  7244 | D:9      | Lost mutation: Scrolls take you a little longer to read. [potion of cure mutation]
  7244 | D:9      | Lost mutation: You have large cloven feet. [potion of cure mutation]
  7357 | D:9      | Killed Maurice
  7357 | D:9      | Received a gift from Okawaru
  7396 | D:10     | Entered Level 10 of the Dungeon
  7423 | D:10     | Reached **** piety under Okawaru
  7455 | D:10     | Noticed a hill giant
  7620 | D:11     | Noticed a red ugly thing
  7627 | D:11     | Noticed a hill giant
  7630 | D:11     | Noticed a red ugly thing
  7632 | D:11     | Killed a red ugly thing
  7667 | D:11     | Killed a red ugly thing
  7667 | D:11     | Reached skill level 5 in Throwing
  7683 | D:11     | Noticed a cyclops
  7771 | D:10     | Found a staircase to the Lair.
  7856 | D:10     | Received a gift from Okawaru
  8155 | D:10     | Reached XP level 11. HP: 92/109 MP: 10/10
  8280 | D:10     | Reached ***** piety under Okawaru
  8526 | D:11     | Killed a hill giant
  8526 | D:11     | Reached skill level 5 in Dodging
  8721 | D:11     | Received a gift from Okawaru
  8734 | D:11     | Got a twisted robe {god gift}
  8745 | D:11     | Identified the +3 robe "Ceazan" {*Contam rN+ MR+} (Okawaru gifted it to you on level 11 of the Dungeon)
  9038 | D:11     | Found Kietwam's Weapon Shop.
  9760 | D:12     | Reached skill level 12 in Unarmed Combat
 10002 | Lair:1   | Entered Level 1 of the Lair of Beasts
 10019 | Lair:1   | Learned a level 2 spell: Swiftness
 10098 | Lair:1   | Reached XP level 12. HP: 119/119 MP: 11/11
 10661 | Lair:2   | Noticed an eight-headed hydra
 10693 | Lair:2   | Killed an eight-headed hydra
 11140 | Lair:2   | Noticed Urug
 11144 | Lair:2   | Killed Urug
 11158 | Lair:2   | Received a gift from Okawaru
 11357 | Lair:2   | Noticed Erica
 11375 | Lair:2   | Killed Erica
 11577 | Lair:2   | Noticed a four-headed hydra
 11581 | Lair:2   | Killed a four-headed hydra
 11581 | Lair:2   | Reached ****** piety under Okawaru
 11758 | Lair:2   | Received a gift from Okawaru
 12107 | Lair:3   | Reached skill level 13 in Unarmed Combat
 12107 | Lair:3   | Reached skill level 1 in Invocations
 12492 | Lair:3   | Reached skill level 10 in Throwing
 12818 | Lair:3   | Received a gift from Okawaru
 13073 | Lair:4   | Reached XP level 13. HP: 105/131 MP: 13/13
 13075 | Lair:4   | Noticed pipel's ghost (journeyman DrBe)
 13088 | Lair:4   | Noticed Maud
 13198 | Lair:5   | Found a staircase to the Snake Pit.
 13245 | Lair:5   | Found a staircase to the Swamp.
 14136 | Lair:5   | Noticed Snorg
 14143 | Lair:5   | Killed Snorg
 14765 | Lair:6   | Slain by a seven-headed hydra

Skill      XL: |  1  2  3  4  5  6  7  8  9 10 11 12 13 |
---------------+----------------------------------------+-----
Unarmed Combat | 1 2 3 4 6 7 9 10 11 12 13 | 13.4
Fighting       | 2 3 4 5 6 7 9 |  9.5
Charms         | 2 |  2.6
Air Magic      | 2 |  2.5
Dodging        | 4 6 |  6.2
Throwing       | 5 8 10 | 10.0
Invocations    | 2 3 |  3.4
Stealth        | |  0.4

Action                   |  1- 3 |  4- 6 |  7- 9 | 10-12 | 13-15 || total
-------------------------+-------+-------+-------+-------+-------++-------
Melee: Short sword       |   170 |       |       |       |       ||   170
       Punch             |     2 |     3 |    10 |    53 |     2 ||    70
       Unarmed           |    34 |   253 |   308 |   813 |   123 ||  1531
Throw: Large rock        |       |     4 |     7 |    47 |    17 ||    75
       Throwing net      |       |       |       |     4 |       ||     4
       Tomahawk          |       |       |       |     2 |       ||     2
 Cast: Repel Missiles    |       |       |     1 |     5 |     1 ||     7
       Swiftness         |       |       |       |       |     1 ||     1
Invok: Heroism           |       |       |     2 |    11 |     6 ||    19
  Use: Scroll            |     2 |    12 |    11 |     8 |     3 ||    36
       Potion            |       |     4 |     4 |     3 |     1 ||    12
 Stab: Sleeping          |       |       |     4 |     7 |       ||    11
       Distracted        |       |       |     1 |       |       ||     1
       Held in net/web   |       |       |       |     1 |       ||     1
  Eat: Chunk             |    15 |    14 |    37 |    61 |     7 ||   134
       Royal jelly       |       |       |       |     1 |       ||     1
       Pizza             |       |       |       |       |     3 ||     3
Armor: Robe              |   101 |    89 |    82 |   161 |    24 ||   457
Dodge: Dodged            |   124 |   248 |   189 |   612 |   118 ||  1291
       Deflected         |       |       |     1 |     9 |     2 ||    12
